 Dungeon Crawl Stone Soup version 0.31-a0-188-g5e087ee2ca (webtiles) character file.

Game seed: 4112667272349686916

64 qw the Shooter (level 3, -4/20 HPs)
             Began as a Deep Elf Hunter on June 23, 2023.
             Slain by Natasha (6 damage)
             ... on level 2 of the Dungeon.
             The game lasted 00:00:24 (1204 turns).

qw the Shooter (Deep Elf Hunter)                    Turns: 1204, Time: 00:00:25

Health: -4/20      AC:  9    Str: 10    XL:     3   Next: 91%
Magic:  5/5        EV: 12    Int: 13    God:
Gold:   75         SH:  0    Dex: 18    Spells: 2/2 levels left

rFire   . . .        Y - +0 shortbow
rCold   . . .        (shield currently unavailable)
rNeg    . . .        c - +0 leather armour
rPois   .            h - +2 hat
rElec   .            b - +2 cloak
rCorr   .            e - +0 pair of gloves
SInv    .            (no boots)
Will    .....        (no amulet)
Stlth   ++           (no ring)
HPRegen 0.23/turn    (no ring)
MPRegen 0.09/turn

%: no passive effects
@: no status effects
A: no striking features
a: no special abilities


You were on level 2 of the Dungeon.
You visited 1 branch of the dungeon, and saw 2 of its levels.

You collected 75 gold pieces.


   Skills:
 - Level 1.5 Fighting
 + Level 7.3 Ranged Weapons
 - Level 2.4 Dodging
 - Level 1.2 Stealth


You had 2 spell levels left.
You didn't know any spells.
Your spell library was empty.

Inventory:

Hand Weapons
 Y - a +0 shortbow (weapon)
Armour
 b - a +2 cloak (worn)
 c - a +0 leather armour (worn)
 e - a +0 pair of gloves (worn)
 h - a +2 hat (worn)
Jewellery
 f - an amulet of magic regeneration
Potions
 a - a potion of ambrosia {unknown}
 d - a potion of brilliance {unknown}

Dungeon Overview and Level Annotations

Branches:
Dungeon (2/15)

Altars:

Annotations:
D:2 Natasha


Message History

You shoot an arrow. The arrow hits the jackal!
You kill the jackal!
The ball python barely misses you. The ball python misses you.
You shoot an arrow.
The arrow closely misses the ball python.
The arrow hits the dart slug!
The dart slug is almost dead.
The ball python bites you but does no damage.
The ball python grabs you. The ball python constricts you.
You shoot an arrow.
The arrow closely misses the ball python.
The arrow hits the dart slug.
You kill the dart slug!
The ball python bites you but does no damage.
The ball python constricts you.
You shoot an arrow. The arrow hits the ball python.
You kill the ball python!
You start resting.
Natasha, Servant of Life and Death comes into view.
You shoot an arrow. The arrow hits Natasha!
Natasha is heavily wounded.
Natasha wildly gestures.
Natasha shimmers violently.
Natasha casts a spell.
You shoot an arrow. The arrow hits the cerulean imp.
The cerulean imp is lightly wounded.
You shoot an arrow. The arrow misses the cerulean imp.
The cerulean imp closely misses you.
You shoot an arrow. The arrow barely misses Natasha.
The cerulean imp hits you but does no damage.
Natasha drinks a potion.
Natasha seems to grow stronger.
You shoot an arrow. The arrow barely misses Natasha.
The arrow closely misses the cerulean imp.
The cerulean imp hits you but does no damage.
Natasha claws you!
Ouch! That really hurt!
You shoot an arrow. The arrow hits Natasha.
Natasha is heavily wounded.
The cerulean imp closely misses you. Natasha claws you.
You die...

... .........
...##...#.#. .
........... ..
.........# ..
###.......#.#
........... #.......#
#%# #@# #.####h# #
#....|5###.#
#####......#
####....#.##
#.........#
###########.##......#
..................#.#
.........#.##.....#..#


You could see Natasha (strong) and a cerulean imp (summoned).

Vanquished Creatures
  Natasha (D:2)
  A dart slug (D:2)
  An endoplasm (D:1)
  3 giant cockroaches (D:1)
  3 hobgoblins (D:1)
  7 jackals
  3 kobolds (D:1)
  3 quokkas
  2 ball pythons
  2 bats (D:1)
  3 frilled lizards
  2 goblins (D:1)
  3 rats (D:1)
34 creatures vanquished.

Notes
Turn   | Place    | Note
-------+----------+-------------------------------------------
     0 | D:1      | qw the Deep Elf Hunter began the quest for the Orb.
     0 | D:1      | Reached XP level 1. HP: 12/12 MP: 3/3
     0 | D:1      | 0 ||| qw: Version: 0.3-a-9-g12657ce
     0 | D:1      | 0 ||| qw: Game counter: 3420
     0 | D:1      | 0 ||| qw: Always use a shield: true
     0 | D:1      | 0 ||| qw: God list: Okawaru
     0 | D:1      | 0 ||| qw: Allow faded altars: false
     0 | D:1      | 0 ||| qw: Do Orc after D:15 true
     0 | D:1      | 0 ||| qw: Do second Lair branch before Depths: true
     0 | D:1      | 0 ||| qw: Lair rune preference: random
     0 | D:1      | 0 ||| qw: Plans: Normal
     0 | D:1      | 0 ||| PLANNING D:1-11
   401 | D:1      | Reached XP level 2. HP: 16/16 MP: 4/4
   404 | D:1      | Reached skill level 6 in Ranged Weapons
   428 | D:1      | 428 ||| UPGRADING to +0 pair of gloves.
   433 | D:1      | 433 ||| UPGRADING to +0 helmet.
   439 | D:1      | 439 ||| DROPPING scroll of butterflies.
   666 | D:1      | Reached XP level 3. HP: 20/20 MP: 5/5
   783 | D:1      | Found a faded altar of an unknown god.
  1067 | D:1      | 1067 ||| UPGRADING to +2 cloak.
  1072 | D:1      | 1072 ||| UPGRADING to +2 hat.
  1082 | D:1      | 1082 ||| DROPPING +0 helmet.
  1083 | D:1      | 1083 ||| READING scroll labelled QUCYUV KYEWN.
  1177 | D:2      | Noticed Natasha
  1178 | D:2      | 1178 ||| Stepping ~*~*~tactically~*~*~ (outnumbered).
  1181 | D:2      | 1181 ||| Stepping ~*~*~tactically~*~*~ (outnumbered).
  1187 | D:2      | Killed Natasha
  1188 | D:2      | Reached skill level 7 in Ranged Weapons
  1198 | D:2      | Noticed Natasha
  1203 | D:2      | HP: 1/20 [Natasha (10)]
  1204 | D:2      | Slain by Natasha

Levels and vault maps discovered:
D:1:      lemuel_arrival_river_ford, layout_loops_ring,
          hellmonk_ecumenical_altar_heavens_door, serial_co_window_serial,
          co_window_corner_a, co_window_paths_b, co_window_paths_b,
          co_window_of_opportunity_a, co_window_corner_a, co_window_corner_a,
          co_window_of_opportunity_a, co_window_cross_1,
          co_window_of_opportunity_a, co_window_broadway_b, co_window_corner_b,
          co_window_2corner, co_window_paths_d, glass_columns_a,
          glass_columns_b, glass_columns_c, glass_columns_c, glass_columns_a
D:2:      layout_basic, serial_shops, nicolae_shop_behind_doors, uniq_natasha,
          uniq_robin

Skill      XL: |  1  2  3 |
---------------+----------+-----
Ranged Weapons | 6 7 |  7.3
Fighting       | |  1.5
Dodging        | |  2.4
Stealth        | |  1.2

Action                     || total
---------------------------++-------
   Fire: Shortbow          ||    91
    Use: Scroll            ||     1
 Armour: Leather armour    ||    25
  Dodge: Dodged            ||    29

Table legend:
 A = Non-vault XP
 B = Vault XP
 C = Vault XP percentage of total XP
 D = Non-vault monster count
 E = Vault monster count
 F = Vault count percentage of total count
                 A         B        C        D         E       F
            +---------+---------+-------+---------+---------+-------
      Total |      56 |      36 |  39.1 |      33 |       1 |   2.9
            +---------+---------+-------+---------+---------+-------
        D:1 |      44 |       0 |   0.0 |      27 |       0 |   0.0
        D:2 |      12 |      36 |  75.0 |       6 |       1 |  14.3
            +---------+---------+-------+---------+---------+-------
